AoeStats
← DLLT Mauroski

Arabia

509777149Analyzed
1v1 RM · 4d ago on Sep 28, 2026· 43m 45s· 2 players
Game mode
Random Map
Map size
Tiny (2 player)
Population
200
Speed
Normal
Resources
Standard
Victory
Conquest
Starting age
Dark Age
Ending age
Imperial Age
RankedLock teamsTeams togetherTeam positionsShared explorationLock speedFull tech treeHidden civsTurbo modeCheats
Victory
Defeat
🇮🇳 Persians · India
1268
+13
🇦🇷 Berbers · Argentina
1209
-13
DLLT Mauroski
6:25 Loom
9:26 Feudal Age
10:14 Double-Bit Axe
13:56 Town Watch
17:03 Wheelbarrow
20:56 Castle Age
18:58 Horse Collar
19:09 Gold Mining
20:19 Bloodlines
21:07 Scale Barding Armor
22:15 Bow Saw
22:23 Forging
31:19 Husbandry
31:45 Chain Barding Armor
32:01 Iron Casting
34:57 Hand Cart
37:00 Fletching
40:14 Imperial Age
39:15 Bodkin Arrow
40:03 Town Patrol
40:28 Heavy Camel Rider
42:18 Plate Barding Armor
44:12 Blast Furnace
echO48
7:15 Loom
7:46 Loom
10:13 Feudal Age
11:23 Double-Bit Axe
14:56 Horse Collar
19:53 Castle Age
18:53 Bloodlines
20:14 Scale Barding Armor
20:20 Forging
25:28 Husbandry
27:09 Gold Mining
27:34 Bow Saw
27:27 Heavy Plow
28:35 Gold Shaft Mining
27:54 Stone Mining
30:46 Padded Archer Armor
30:39 Fletching
31:42 Wheelbarrow
34:19 Imperial Age
33:27 Chain Barding Armor
33:42 Iron Casting
33:56 Hand Cart
35:09 Conscription
34:53 Heavy Camel Rider
36:12 Plate Barding Armor
36:37 Blast Furnace
39:18 Bodkin Arrow
Connection lost

Rejoining the realm…

Still unreachable

The connection could not be restored.

Session expired

The server has moved on; the page needs a fresh start.